 Dungeon Crawl Stone Soup version 0.21.0-3-g78d12a8 (console) character file.

276 hilaritas the Ruffian (level 6, -10/59 HPs)
             Began as a Troll Fighter on Jan 12, 2018.
             Was a Follower of Uskayaw.
             Mangled by an ogre
             ... wielding a +0 giant club
              (24 damage)
             ... on level 4 of the Dungeon.
             The game lasted 00:06:50 (2111 turns).

hilaritas the Ruffian (Troll Fighter)               Turns: 2111, Time: 00:06:51

Health: -10/59     AC:  5    Str: 25    XL:     6   Next: 4%
Magic:  5/5        EV:  8    Int:  6    God:    Uskayaw [*.....]
Gold:   110        SH:  9    Dex:  9    Spells: 5/5 levels left

rFire    . . .     SeeInvis .     - Unarmed
rCold    . . .     Gourm    +   b - +0 shield
rNeg     . . .     Faith    .   a - +0 robe
rPois    .         Spirit   .   (helmet restricted)
rElec    .         Reflect  .   (no cloak)
rCorr    .         Harm     .   (gloves unavailable)
MR       .....                  (boots unavailable)
Stlth    +.........             (no amulet)
HPRegen  0.59/turn              (no ring)
MPRegen  0.09/turn              (no ring)

@: no status effects
A: large, unfitting armour, claws 3, fast metabolism 3, gourmand, regeneration
1, shaggy fur 1, tough skin 2
a: Stomp, Renounce Religion


You were on level 4 of the Dungeon.
You worshipped Uskayaw.
Uskayaw was noncommittal.
You were completely stuffed.

You visited 2 branches of the dungeon, and saw 5 of its levels.

You collected 110 gold pieces.

Inventory:

Hand Weapons
 n - a +0 whip
Missiles
 k - a throwing net (quivered)
Armour
 a - a +0 robe (worn)
 b - a +0 shield (worn)
Wands
 p - a wand of polymorph (8)
Scrolls
 e - a scroll of remove curse
 m - a scroll of teleportation
Potions
 c - a potion of might
 f - a potion of cancellation
 g - a potion of brilliance {unknown}
 h - a potion of agility
 i - 2 potions of heal wounds
 j - 2 potions of haste {unknown}
 l - a potion of curing {unknown}
Comestibles
 d - 5 rations
 o - 3 chunks of flesh


   Skills:
 * Level 2.9 Fighting
 - Level 2.4 Dodging
 + Level 3.7 Shields
 * Level 4.9 Unarmed Combat
 * Level 0.1 Invocations


You had 5 spell levels left.
You didn't know any spells.

Dungeon Overview and Level Annotations

Branches:
Dungeon (4/15)             Temple (1/1) D:4

Altars:
Dithmenos
Qazlal
Trog
Uskayaw


Innate Abilities, Weirdness & Mutations

You are too large for most types of armour.
You have claws for hands.
Your metabolism is lightning-fast.
You like to eat raw meat.
Your natural rate of healing is unusually fast.
You are covered in fur. (AC +1)
You have very tough skin. (AC +2)


Message History

Found 20 stones.
Unknown command.
An ogre comes into view. It is wielding a giant club.
A howler monkey comes into view.
Found 2 gold pieces.
There is an open door here.
The ogre hits you with a giant club.
You barely miss the ogre. You block the ogre's attack.
You scratch the ogre.
The ogre is moderately wounded.
You barely miss the ogre.
The ogre is moderately wounded.
The ogre hits you with a giant club!!
You scratch the ogre.
The ogre is heavily wounded.
The ogre hits you with a giant club!!
You barely miss the ogre.
The ogre is heavily wounded.
The ogre hits you with a giant club!!
You die...

.#h....... ..#.....
...#..# .....# #....#
#....# #....# #....#
#....# .......#
#....#######.# .......#
#....'O@.(..$# .......#
#....######### .......#
##+#......... ....(..#
#.#[........ .......#
##.8.#.......
.......###...........#
.......'..8.>.8......#
.......###...........#
....รท.....#.8.#......+
#.#.#######..........#
#..<...# #..........#


You could see an ogre.

Vanquished Creatures
  An orc wizard (D:3)
  2 orc priests (D:3)
  Ijyb (D:4)
  6 adders
  2 oozes (D:1)
  A worm (D:2)
  2 dart slugs (D:2)
  2 leopard geckos
  5 orcs (D:3)
  3 giant cockroaches
  8 goblins
  7 hobgoblins
  13 jackals
  11 kobolds
  2 quokkas (D:2)
  9 bats
  A frilled lizard (D:1)
  8 rats
84 creatures vanquished.

Vanquished Creatures (others)
  A wizard (D:3)
1 creature vanquished.

Grand Total: 85 creatures vanquished

Notes
Turn   | Place    | Note
-------+----------+-------------------------------------------
     0 | D:1      | hilaritas the Troll Fighter began the quest for the Orb.
     0 | D:1      | Reached XP level 1. HP: 22/22 MP: 0/0
   185 | D:1      | Reached XP level 2. HP: 29/29 MP: 1/1
   345 | D:1      | Reached XP level 3. HP: 33/36 MP: 2/2
   735 | D:2      | Reached skill level 3 in Unarmed Combat
   836 | D:2      | Reached XP level 4. HP: 39/44 MP: 3/3
  1275 | D:3      | Reached skill level 4 in Unarmed Combat
  1275 | D:3      | Reached XP level 5. HP: 28/52 MP: 4/4
  1702 | D:3      | Found a bloodstained altar of Trog.
  1703 | D:3      | Noticed a wizard
  1709 | D:3      | Killed a wizard
  2037 | D:4      | Found a staircase to the Ecumenical Temple.
  2045 | Temple   | Entered the Ecumenical Temple
  2059 | Temple   | Became a worshipper of Uskayaw the Reveler
  2074 | D:4      | Noticed Ijyb
  2080 | D:4      | Reached * piety under Uskayaw
  2083 | D:4      | Killed Ijyb
  2083 | D:4      | Reached XP level 6. HP: 58/59 MP: 5/5
  2084 | D:4      | Reached ** piety under Uskayaw
  2111 | D:4      | Mangled by an ogre

Skill      XL: |  1  2  3  4 |
---------------+-------------+-----
Shields        | 3 |  3.7
Unarmed Combat | 3 4 |  4.9
Fighting       | |  2.9
Dodging        | |  2.4
Invocations    | |  0.1

Action                   |  1- 3 |  4- 6 || total
-------------------------+-------+-------++-------
Melee: Unarmed           |   108 |   144 ||   252
  Use: Scroll            |     6 |     2 ||     8
 Stab: Sleeping          |     1 |       ||     1
  Eat: Chunk             |    13 |    12 ||    25
Armor: Robe              |    51 |    51 ||   102
Dodge: Dodged            |    47 |    49 ||    96
Block: Shield            |    49 |    78 ||   127
